 Dungeon Crawl Stone Soup version 0.20.1-1-g8b1a95d (webtiles) character file.

132 equalderp2856 the Skirmisher (level 4, -3/35 HPs)
             Began as a Mummy Fighter on Oct 28, 2017.
             Slain by an ogre
             ... wielding a +0 giant club
              (26 damage)
             ... on level 3 of the Dungeon.
             The game lasted 00:02:26 (1635 turns).

equalderp2856 the Skirmisher (Mummy Fighter)        Turns: 1635, Time: 00:02:26

Health: -3/35      AC:  7    Str: 19    XL:     4   Next: 92%
Magic:  5/5        EV:  7    Int:  8    God:
Gold:   184        SH:  9    Dex: 11    Spells: 4/4 levels left

rFire    x . .     SeeInvis .   a - +0 war axe
rCold    + . .     Gourm    .   c - +0 shield
rNeg     + + +     Faith    .   b - +0 scale mail
rPois    ∞         Spirit   .   (no helmet)
rElec    .         Reflect  .   (no cloak)
rCorr    .         Harm     .   (no gloves)
MR       .....                  h - +0 pair of boots
Stlth    ..........             (no amulet)
Regen    0.2/turn               (no ring)
MPRegen  0.1/turn               (no ring)

@: no status effects
A: no food or potions, fire vulnerability, cold resistance 1, negative energy
resistance 3, torment resistance, unbreathing
a: no special abilities


You were on level 3 of the Dungeon.
You were not hungry.

You visited 1 branch of the dungeon, and saw 3 of its levels.

You collected 184 gold pieces.

Inventory:

Hand Weapons
 a - a +0 war axe (weapon)
Armour
 b - a +0 scale mail (worn)
 c - a +0 shield (worn)
 h - a +0 pair of boots (worn)
Scrolls
 d - a scroll of amnesia {unknown}
 e - a scroll of recharging {unknown}
 f - 3 scrolls of remove curse {unknown}
 g - a scroll of fog {unknown}
 i - a scroll of fear {unknown}
 j - 3 scrolls of identify {unknown}
 k - 2 scrolls of teleportation {unknown}


   Skills:
 + Level 3.4 Fighting
 * Level 2.7 Axes
 + Level 2.9 Armour
 + Level 1.2 Dodging
 + Level 3.0 Shields
 * Level 0.8 Spellcasting


You had 4 spell levels left.
You didn't know any spells.

Dungeon Overview and Level Annotations

Branches:
Dungeon (3/15)

Altars:
Gozag


Innate Abilities, Weirdness & Mutations

You do not eat or drink.
Your flesh is vulnerable to fire.
You are immune to poison.
Your flesh is cold resistant. (rC+)
You are immune to negative energy. (rN+++)
You are immune to unholy pain and torment.
You can survive without breathing.


Message History

The ogre shouts!
An ogre is nearby!
An ogre is nearby!
An ogre is nearby!
You hit the ogre but do no damage. The ogre hits you with a giant club!
You slash the ogre!
The ogre is moderately wounded.
The ogre barely misses you.
Unknown command.
Your shield and scale mail prevent you from hitting the ogre.
The ogre is moderately wounded.
The ogre barely misses you.
You slash the ogre!
The ogre is heavily wounded.
You block the ogre's attack.
You hit the ogre.
The ogre is heavily wounded.
The ogre hits you with a giant club!!
Ouch! That really hurt!
You die...

#.# #.# ##.. #.# #.#
##.#. #.# #.####.###
#.#####.#...## #
##.#..>.....##
#....###.....## # #
#..#######.#[.###
##.##..............#.
#..O@..#####.........
#(#...................
#.#....#####.....##.#
# .##.## #.#.####.# ##
#.# ...#.# #.# #.#
.##.#.# #.# #!# #. #.#
.# ..# .##


You could see an ogre.

Vanquished Creatures
  A bullfrog (D:2)
  3 adders (D:2)
  2 leopard geckos
  An orc (D:3)
  13 bats
  2 giant cockroaches (D:3)
  5 goblins
  2 hobgoblins
  2 kobolds
  2 frilled lizards
  7 rats
40 creatures vanquished.

Notes
Turn   | Place    | Note
-------+----------+-------------------------------------------
     0 | D:1      | equalderp2856 the Mummy Fighter began the quest for the Orb.
     0 | D:1      | Reached XP level 1. HP: 18/18 MP: 1/1
   410 | D:1      | Reached XP level 2. HP: 24/24 MP: 2/2
   886 | D:2      | Reached XP level 3. HP: 17/29 MP: 3/3
  1321 | D:2      | Found an opulent altar of Gozag.
  1397 | D:3      | Noticed a bullfrog
  1412 | D:2      | Killed a bullfrog
  1412 | D:2      | Reached skill level 1 in Dodging
  1412 | D:2      | Reached XP level 4. HP: 28/35 MP: 3/5
  1630 | D:3      | Noticed an ogre
  1635 | D:3      | Slain by an ogre

Skill      XL: |  1  2  3 |
---------------+----------+-----
Axes           | 2 |  2.7
Dodging        | 1 |  1.2
Shields        | 3 |  3.0
Fighting       | |  3.4
Armour         | |  2.9
Spellcasting   | |  0.8

Action                   |  1- 3 |  4- 6 || total
-------------------------+-------+-------++-------
Melee: War axe           |   125 |    21 ||   146
Armor: Scale mail        |    75 |     9 ||    84
Dodge: Dodged            |    51 |     9 ||    60
Block: Shield            |    80 |     9 ||    89
